 Dungeon Crawl Stone Soup version 0.31-a0-532-g28f74ba3e5 (webtiles) character file.

Game seed: 4934434304555575701

4069 Arcadio the Nimble (level 10, -5/80 HPs)
             Began as a Merfolk Shapeshifter on Aug 12, 2023.
             Was a Believer of the Shining One.
             Slain by a hornet (10 damage)
             ... on level 7 of the Dungeon.
             The game lasted 00:37:48 (9934 turns).

Arcadio the Nimble (Merfolk Shapeshifter)           Turns: 9934, Time: 00:37:49

Health: -5/80      AC: 10    Str: 20    XL:     10   Next: 25%
Magic:  7/10       EV: 14    Int:  8    God:    the Shining One [**....]
Gold:   441        SH:  6    Dex: 14    Spells: 9/9 levels left

rFire   . .          .
                       - Unarmed
rCold   . . .        (no shield)
rNeg    + . .        h - +0 plate armour
rPois   +            (helmet currently unavailable)
rElec   .            (cloak currently unavailable)
rCorr   .            (gloves currently unavailable)
SInv    .            (boots currently unavailable)
Will    .....        l - amulet of faith Stlth
                     e - +5 ring of evasion
HPRegen 0.33/turn    n - ring of poison resistance
MPRegen 0.12/turn

%: faith
@: brilliant, lethally poisoned (-5 -> -9), divinely shielded, beast-form,
glowing
A: beast (slay +4), (nimble swimmer 2), mertail
a: Begin Untransformation, Renounce Religion, Divine Shield


You were on level 7 of the Dungeon.
You worshipped the Shining One.
The Shining One was pleased with you.
You were a hulking beast.
You visited 2 branches of the dungeon, and saw 9 of its levels.
You also visited: Sewer.

You collected 441 gold pieces.

Inventory:

Missiles
 A - 3 poisoned darts
Armour
 a - a +0 animal skin
 b - +0 steam dragon scales
 f - a +0 scale mail
 h - a +0 plate armour (worn)
 p - a +0 cloak
 H - a +0 pair of gloves
Jewellery
 e - a +5 ring of evasion (left hand)
 k - a +6 ring of dexterity
 l - an amulet of faith (around neck)
 n - a ring of poison resistance (right hand)
 v - an amulet of magic regeneration
 B - a +4 ring of protection
 G - an amulet of guardian spirit
Talismans
 c - a beast talisman (active)
 d - a flux talisman
Wands
 D - a wand of paralysis (5)
Scrolls
 j - a scroll of fear
 m - 2 scrolls of torment
 t - a scroll of blinking {unknown}
 u - a scroll of enchant armour {unknown}
 x - 3 scrolls of fog {unknown}
 y - 2 scrolls of teleportation {unknown}
 z - 2 scrolls of immolation {unknown}
 C - a scroll of vulnerability {unknown}
 E - 2 scrolls of brand weapon {unknown}
 F - a scroll of acquirement {unknown}
Potions
 g - 3 potions of mutation
 i - 4 potions of attraction
 o - 2 potions of curing
 q - a potion of invisibility {unknown}
 s - 2 potions of cancellation
 w - a potion of brilliance
 I - a potion of haste {unknown}


   Skills:
 + Level 8.0 Fighting
 + Level 9.9 Dodging
 + Level 8.6 Unarmed Combat
 + Level 9.0 Shapeshifting


You had 9 spell levels left.
You didn't know any spells.
Your spell library contained the following spells:

 Spells                   Type           Power      Damage    Failure   Level
 Sting                    Tmut/Pois      0%         1d3       100%        1
 Blink                    Tloc           0%         N/A       100%        2
 Lesser Beckoning         Tloc           0%         N/A       100%        2
 Momentum Strike          Conj/Tloc      0%         3d8       100%        2
 Poisonous Vapours        Pois/Air       0%         N/A       100%        2
 Olgreb's Toxic Radiance  Pois           0%         N/A       100%        4


Dungeon Overview and Level Annotations

Branches:
Dungeon (8/15) Zot: 26115  Temple (1/1) D:4 Zot: 5915   Sewer (visited)
   Lair: D:8-11

Altars:
Ashenzari
Cheibriados
Dithmenos
Elyvilon
Fedhas
Gozag
Hepliaklqana
Kikubaaqudgha
Makhleb
Nemelex Xobeh
Okawaru
Qazlal
Ru
Sif Muna
Uskayaw
Vehumet
Wu Jian
Yredelemnul
Zin
The Shining One

Annotations:
D:5 Prince Ribbit


Innate Abilities, Weirdness & Mutations

You are a hulking beast.
Your limbs bulge with bestial killing power. (Slay +4)
((You are very nimble when in or above water. (Stealth+, EV+, Speed+++)))
Your lower body shifts to a powerful aquatic tail in water.


Message History

The hornet stings you but does no damage.
You climb upwards.
There is a stone staircase leading down here.
You hit the hornet.
The hornet is lightly wounded.
The hornet stings you.
You suddenly lose the ability to move!
The hornet stings you. The hornet stings you! x2
You can move again.
You hit the hornet.
The hornet is moderately wounded.
The hornet stings you but does no damage.
You hit the hornet.
The hornet is moderately wounded.
The hornet stings you.
You feel yourself slow down.
The hornet stings you but does no damage.
You hit the hornet but do no damage.
The hornet is moderately wounded.
You feel yourself speed up. The hornet stings you!
You feel yourself slow down. The hornet stings you.
You barely miss the hornet.
The hornet is moderately wounded.
The hornet stings you!
The hornet stings you but does no damage.
A divine shield forms around you!
You feel yourself speed up. The hornet barely misses you.
The hornet stings you.
* * * LOW HITPOINT WARNING * * *
You feel yourself slow down.
A hornet is nearby!
You feel better. You block the hornet's attack. The hornet stings you!
* * * LOW HITPOINT WARNING * * *
You are poisoned.
Okay, then.
Okay, then.
It was a potion of brilliance.
You feel clever all of a sudden.
You feel yourself speed up.
* * * LOW HITPOINT WARNING * * *
You feel very sick. The hornet stings you!
You die...

### #.. ######## #.#
#......# #.# #......#
#.# ###......#######..
#####''......'........
#.[..h.......#########
#...y........#########
#............#........
#............#....[...
#............#........
#####'#########'######
#.....# #.#####
#.....########.....#
#............#####.#


You could see a hornet.

Vanquished Creatures
  A two-headed ogre (D:8)
  A manticore (D:7)
  Maggie (D:5)
  Grinder (D:3)
  A wyvern (D:8)
  Eustachio (D:6)
  A steam dragon (D:8)
  Edmund (D:3)
  Menkaure (D:5)
  A water moccasin (D:7)
  A sky beast (D:6)
  2 ogres
  A centaur (D:7)
  4 phantoms
  A bullfrog (D:7)
  A scorpion (D:5)
  2 jellies
  3 howler monkeys
  3 orc priests
  A gnoll bouda (D:5)
  8 hounds
  Terence (D:2)
  3 iguanas
  6 orc wizards
  7 gnolls
  3 river rats (Sewer)
  16 adders
  2 white imps
  An ufetubus (D:6)
  2 worms
  24 orcs
  11 ball pythons
  4 endoplasms
  5 giant cockroaches
  4 goblins
  8 hobgoblins
  15 jackals
  3 quokkas
  A bat (D:2)
  7 frilled lizards
  8 kobolds
  8 rats
176 creatures vanquished.

Notes
Turn   | Place    | Note
-------+----------+-------------------------------------------
     0 | D:1      | Arcadio the Merfolk Shapeshifter began the quest for the
                  | Orb.
     0 | D:1      | Reached XP level 1. HP: 15/15 MP: 1/1
   212 | D:1      | Reached XP level 2. HP: 21/21 MP: 2/2
  1094 | D:2      | Reached XP level 3. HP: 27/27 MP: 3/3
  1313 | D:2      | Reached XP level 4. HP: 23/33 MP: 4/4
  1678 | D:2      | Noticed Terence
  1691 | D:2      | Killed Terence
  1692 | D:2      | Reached XP level 5. HP: 25/39 MP: 5/5
  2236 | D:2      | Reached skill level 5 in Shapeshifting
  2615 | D:2      | Reached XP level 6. HP: 47/47 MP: 6/6
  2889 | D:3      | Noticed Grinder
  3426 | D:3      | Paralysed by Grinder for 3 turns
  3431 | D:3      | Killed Grinder
  3432 | D:3      | Reached skill level 5 in Dodging
  3432 | D:3      | Reached skill level 5 in Unarmed Combat
  3432 | D:3      | Reached XP level 7. HP: 35/54 MP: 7/7
  3709 | D:3      | Identified the +1 leather armour "Eclaiqej" {Int+2}
  4075 | D:4      | Found a glowing drain.
  4189 | D:4      | Found an ornate altar of the Wu Jian Council.
  4222 | D:4      | Noticed Edmund
  4258 | D:3      | Killed Edmund
  4365 | Sewer    | Entered a sewer
  4411 | Sewer    | Reached XP level 8. HP: 58/61 MP: 8/8
  5039 | D:4      | Found a staircase to the Ecumenical Temple.
  5044 | Temple   | Entered the Ecumenical Temple
  5086 | Temple   | Became a worshipper of the Shining One
  5165 | D:4      | You fall into a shaft and drop 2 floors!
  5168 | D:5      | Entered Level 5 of the Dungeon
  5436 | D:4      | Reached skill level 5 in Fighting
  5894 | D:5      | Noticed Menkaure
  5918 | D:5      | Killed Menkaure
  6188 | D:5      | Noticed Prince Ribbit
  6507 | D:5      | Reached * piety under the Shining One
  6672 | D:6      | Reached XP level 9. HP: 69/69 MP: 9/9
  6722 | D:6      | Noticed Eustachio
  6727 | D:6      | Killed Eustachio
  7246 | D:6      | Noticed Maggie
  7367 | D:5      | Killed Maggie
  7840 | D:7      | Noticed a manticore
  8239 | D:7      | Found a shadowy altar of Dithmenos.
  8249 | D:7      | Reached ** piety under the Shining One
  8602 | D:7      | Killed a manticore
  9023 | D:7      | Found a broken altar of Ashenzari.
  9073 | D:8      | Noticed a two-headed ogre
  9240 | D:8      | Reached XP level 10. HP: 75/79 MP: 10/10
  9505 | D:8      | Noticed a two-headed ogre
  9535 | D:8      | Killed a two-headed ogre
  9925 | D:7      | Paralysed by a hornet for 2 turns
  9934 | D:7      | Slain by a hornet

Illustrated notes

Levels and vault maps discovered:
D:1:      amcnicky_arrival_wind_blow, layout_loops_ring, minmay_tromino_i2
D:2:      layout_basic, nicolae_grassy_gnolls, uniq_terence
D:3:      layout_loops_ring, minmay_fractal_squares_5, uniq_grinder
D:4:      layout_rooms, pdpol_wu_jian_five_deadly_venoms,
          minmay_temple_entry_ruins, gup_sewer_entry_glass, uniq_edmund
D:5:      layout_basic, serial_glass, glass_columns_a, glass_columns_a,
          uniq_menkaure, uniq_prince_ribbit1, uniq_sigmund
D:6:      layout_basic, minmay_door_square, uniq_maggie, uniq_eustachio
D:7:      layout_basic, mainiacjoe_overflow_chevrons,
          mainiacjoe_overflow_concentric_impassable,
          chequers_serial_rivers_room_a
D:8:      layout_basic, mainiacjoe_overflow_24_doors, chequers_mini_garden
Temple:   minmay_crystal_spiral_temple

Skill      XL: |  1  2  3  4  5  6  7  8  9 10 |
---------------+-------------------------------+-----
Dodging        | 3 4 5 6 7 9 |  9.9
Fighting       | 2 3 4 6 7 8 |  8.0
Unarmed Combat | 4 5 6 8 |  8.6
Shapeshifting  | 5 6 7 8 9 |  9.0

Action                     |  1- 3 |  4- 6 |  7- 9 | 10-12 || total
---------------------------+-------+-------+-------+-------++-------
  Melee: Unarmed           |    83 |   151 |   364 |    14 ||   612
         Punch             |     2 |     6 |    11 |     1 ||    20
         Tailslap          |       |       |     6 |       ||     6
 Invoke: Divine Shield     |       |       |       |     1 ||     1
    Use: Scroll            |       |     3 |     4 |       ||     7
         Potion            |       |       |     1 |     3 ||     4
 Armour: Animal skin       |     4 |       |       |       ||     4
         Scale mail        |     1 |       |       |       ||     1
         Plate armour      |     8 |    93 |   139 |     5 ||   245
         Skin              |       |       |    17 |    13 ||    30
  Dodge: Dodged            |    37 |    39 |   245 |     4 ||   325
  Block: Other             |       |       |       |     1 ||     1
         Form:             |     1 |       |       |       ||     1
         Beast             |     1 |       |       |       ||     1

Table legend: (Time is in decaauts)
 A = Elapsed time spent in this place.
 B = Non-inter-level travel time spent in this place.
 C = Inter-level travel time spent in this place.
 D = Time resting spent in this place.
 E = Time spent auto-exploring this place.
 F = Levels seen in this place.
 G = Mean time per level.
                   A        B        C        D        E       F      G
               +--------+--------+--------+--------+--------+-----+--------+
         Total |   9783 |   9210 |    573 |   2377 |   4141 |  10 |  978.3 |
       Dungeon |   9241 |   8748 |    493 |   2377 |   3853 |   8 | 1155.1 |
        Temple |     84 |      4 |     80 |      0 |      0 |   1 |   84.0 |
         Sewer |    457 |    457 |      0 |      0 |    287 |   1 |  457.0 |
               +--------+--------+--------+--------+--------+-----+--------+

Top non-repeatable levels by time:
     D:2: 1741 daAuts
     D:3: 1478 daAuts
     D:6: 1402 daAuts
     D:7: 1241 daAuts
     D:1: 1024 daAuts
     D:5: 929 daAuts
     D:4: 754 daAuts
     D:8: 668 daAuts
   Sewer: 457 daAuts
  Temple: 84 daAuts
